 Dungeon Crawl Stone Soup version 0.31-a0-1529-g7bd419a0e5 (webtiles) character file.

Game seed: 18233851735498335734

313743 MacCMillion the Warrior (level 20, -7/195 HPs)
             Began as a Minotaur Fighter on Dec 30, 2023.
             Was an Elder of Qazlal.
             Killed from afar by an ironbound thunderhulk (14 damage)
             ... with a bolt of lightning
             ... on level 4 of the Vaults on Dec 31, 2023.
             The game lasted 01:20:00 (45286 turns).

MacCMillion the Warrior (Minotaur Fighter)         Turns: 45286, Time: 01:20:01

Health: -7/195     AC: 36    Str: 28    XL:     20   Next: 81%
Magic:  33/33      EV: 17    Int:  9    God:    Qazlal [****..]
Gold:   2989       SH: 26    Dex: 13    Spells: 19/19 levels left

rFire   + . .        V - +6 broad axe (freeze)
rCold   + + .        c - +0 kite shield of the Elven Halls {^Drain +Inv Will++ rCorr}
rNeg    + . .        m - +10 pearl dragon scales of a wizard's laboratory {Rampage rN+}
rPois   +            (helmet restricted)
rElec   .            C - scarf {rC+ rF+}
rCorr   +            l - +2 pair of gloves {hurl}
SInv    +            J - +1 pair of boots
Will    +++..        A - amulet of reflection Stlth
                     p - ring "Gapnuxobb" {rPois rC+ Int+4 Dex+3 SInv}
HPRegen 0.52/turn    a - +5 ring of evasion
MPRegen 0.23/turn

%: repel missiles, reflection, rampage
@: about to teleport, marked
A: horns 2, retaliatory headbutt, weak 1
}: 1/15 runes: gossamer
a: Renounce Religion, Evoke Invisibility, Upheaval, Elemental Force


You were on level 4 of the Vaults.
You worshipped Qazlal.
Qazlal was greatly pleased with you.
You visited 7 branches of the dungeon, and saw 35 of its levels.
You also visited: Trove, Bailey, Gauntlet and Ice Cave.

You collected 4532 gold pieces.
You spent 1543 gold pieces at shops.

Inventory:

Hand Weapons
 k - a +2 broad axe of freezing
 P - a +4 broad axe of freezing
 V - a +6 broad axe of freezing (weapon)
Missiles
 e - 5 throwing nets
 x - 17 poisoned darts (quivered)
 K - a curare-tipped dart
 U - 10 darts of dispersal
 W - 14 javelins
Armour
 c - the +0 kite shield of the Elven Halls (worn) {^Drain +Inv Will++ rCorr}
   (You took it off a minotaur in a Gauntlet)

   Will++:    It greatly increases your willpower.
   +Inv:      It lets you turn invisible.
   rCorr:     It protects you from acid and corrosion.
   ^Drain:    It drains your maximum health when unequipped.
 l - a +2 pair of gloves of hurling (worn)
 m - the +10 pearl dragon scales of a wizard's laboratory (worn) {Rampage rN+}
   (You took it off a minotaur in a Gauntlet)

   rN+:       It protects you from negative energy.
   Rampage:   It bestows one free step when moving towards enemies.
 q - the +0 pair of gloves of Cadgh {rF+++ rN+ Int-2 Dex+4}
   (You found it in a treasure trove)

   Int-2:     It affects your intelligence (-2).
   Dex+4:     It affects your dexterity (+4).
   rF+++:     It renders you almost immune to fire.
   rN+:       It protects you from negative energy.
 C - a scarf of resistance (worn)
 J - a +1 pair of boots (worn)
Jewellery
 a - a +5 ring of evasion (right hand)
 p - the ring "Gapnuxobb" (left hand) {rPois rC+ Int+4 Dex+3 SInv}
   (You found it in a Gauntlet)

   [ring of see invisible]

   Int+4:     It affects your intelligence (+4).
   Dex+3:     It affects your dexterity (+3).
   rC+:       It protects you from cold.
   rPois:     It protects you from poison SInv: It lets you see invisible.
 A - an amulet of reflection (around neck)
 L - the ring "Jextuwk" {^Drain rC+ rN+ rCorr}
   (You found it in a treasure trove)

   [ring of resist corrosion]

   rC+:       It protects you from cold.
   rN+:       It protects you from negative energy.
   rCorr:     It protects you from acid and corrosion.
   ^Drain:    It drains your maximum health when unequipped.
 X - a ring of positive energy
 Y - a +4 ring of protection
 Z - a ring of protection from fire
Wands
 b - a wand of roots (64)
 h - a wand of digging (20)
 I - a wand of mindburst (44)
 O - a wand of charming (42)
 R - a wand of light (3)
Scrolls
 f - 4 scrolls of revelation
 n - 8 scrolls of teleportation
 o - 5 scrolls of enchant armour
 r - 2 scrolls of poison
 t - 8 scrolls of immolation
 y - 12 scrolls of blinking
 z - 10 scrolls of fog
 B - 3 scrolls of silence
 E - 6 scrolls of fear
 M - 4 scrolls of summoning
 N - 3 scrolls of noise
 S - 2 scrolls of torment
 T - 4 scrolls of vulnerability
Potions
 d - 8 potions of might
 g - 5 potions of mutation
 i - 5 potions of lignification
 j - 12 potions of curing
 s - 6 potions of enlightenment
 u - 15 potions of heal wounds
 v - 3 potions of berserk rage
 w - 5 potions of ambrosia
 D - 8 potions of haste
 F - 3 potions of magic
 G - 7 potions of cancellation
 H - 9 potions of invisibility
 Q - 3 potions of resistance


   Skills:
 + Level 20.4 Fighting
 - Level 18.0 Axes
 + Level 20.4 Armour
 + Level 4.7 Dodging
 + Level 20.4 Shields
 + Level 20.3 Invocations


You had 19 spell levels left.
You didn't know any spells.
Your spell library contained the following spells:

 Spells                   Type           Power      Damage    Failure   Level
 Apportation              Tloc           0%         N/A       63%         1
 Magic Dart               Conj           0%         1d3       63%         1
 Sandblast                Erth           0%         2d4       63%         1
 Shock                    Conj/Air       0%         1d3       63%         1
 Summon Small Mammal      Summ           0%         N/A       63%         1
 Cigotuvi's Dreadful Rot  Necr/Alch/Air  0%         N/A       77%         2
 Ensorcelled Hibernation  Hex/Ice        0%         N/A       77%         2
 Jinxbite                 Hex            0%         N/A       77%         2
 Mercury Vapours          Alch/Air       0%         N/A       77%         2
 Searing Ray              Conj           0%         2d4       77%         2
 Call Canine Familiar     Summ           0%         N/A       94%         3
 Fugue of the Fallen      Necr           0%         N/A       94%         3
 Gell's Gravitas          Tloc           0%         N/A       94%         3
 Mephitic Cloud           Conj/Alch/Air  0%         N/A       94%         3
 Ozocubu's Armour         Ice            0%         N/A       94%         3
 Passwall                 Erth           0%         N/A       94%         3
 Stone Arrow              Conj/Erth      0%         3d7       94%         3
 Swiftness                Air            0%         N/A       94%         3
 Teleport Other           Tloc           0%         N/A       94%         3
 Tukima's Dance           Hex            0%         N/A       94%         3
 Airstrike                Air            0%         2d(0-16)  100%        4
 Anguish                  Hex/Necr       0%         N/A       100%        4
 Animate Armour           Summ/Erth      0%         N/A       100%        4
 Brom's Barrelling Bould  Conj/Erth      0%         2d3       100%        4
 Dispel Undead            Necr           0%         3d6       100%        4
 Fulminant Prism          Conj/Alch      0%         3d5       100%        4
 Manifold Assault         Tloc           0%         N/A       100%        4
 Martyr's Knell           Necr/Summ      0%         N/A       100%        4
 Passage of Golubria      Tloc           0%         N/A       100%        4
 Summon Blazeheart Golem  Fire/Summ      0%         N/A       100%        4
 Summon Lightning Spire   Summ/Air       0%         N/A       100%        4
 Alistair's Intoxication  Alch           0%         N/A       100%        5
 Borgnjor's Vile Clutch   Necr/Erth      0%         N/A       100%        5
 Freezing Cloud           Conj/Ice/Air   0%         6-21      100%        5
 Lee's Rapid Deconstruct  Erth           0%         3d4*      100%        5
 Summon Forest            Summ/Tloc      0%         N/A       100%        5
 Summon Mana Viper        Hex/Summ       0%         N/A       100%        5
 Yara's Violent Unravell  Hex/Alch       0%         3d3       100%        5
 Conjure Ball Lightning   Conj/Air       0%         3x3d6     100%        6
 Death Channel            Necr           0%         N/A       100%        6
 Dispersal                Tloc           0%         N/A       100%        6
 Eringya's Noxious Bog    Alch           0%         4d6       100%        6
 Summon Cactus Giant      Summ           0%         N/A       100%        6
 Haunt                    Necr/Summ      0%         N/A       100%        7
 Orb of Destruction       Conj           0%         9d5       100%        7
 Spellforged Servitor     Conj/Summ      0%         N/A       100%        7
 Borgnjor's Revivificati  Necr           0%         N/A       100%        8
 Discord                  Hex            0%         N/A       100%        8
 Disjunction              Tloc           0%         N/A       100%        8
 Death's Door             Necr           0%         N/A       100%        9


Dungeon Overview and Level Annotations

Branches:
Dungeon (15/15)            Temple (1/1) D:4            Lair (5/5) D:9
  Swamp (4/4) Lair:3       Spider (4/4) Lair:2        Slime (0/5) Lair:4
    Orc (2/2) D:9             Elf (0/3) Orc:2        Vaults (4/5) D:13
  Crypt (0/3) Vaults:3     Depths (0/4) D:15         Bailey (visited)
  IceCv (visited)         Gauntlet (visited)

Altars:
Ashenzari
Cheibriados
Dithmenos
Elyvilon
Fedhas
Gozag
Hepliaklqana
Kikubaaqudgha
Makhleb
Nemelex Xobeh
Okawaru
Qazlal
Ru
Sif Muna
Trog
Uskayaw
Vehumet
Wu Jian
Xom
Yredelemnul
Zin
The Shining One
Jiyva

Shops:
D:4 (   D:5 (   D:10 =   D:11 *   D:12 ?   Orc:2 (:!?   Vaults:3 [*

Annotations:
D:3 1 runed translucent door, anet's ghost, amateur HOCj
D:9 3 runed translucent doors, TheWayOfAllFlesh's ghost, novice DsGl
Lair:3 3 runed translucent doors, Unwyh's ghost, journeyman TrDe
Swamp:4 Lernaean hydra


Innate Abilities, Weirdness & Mutations

You have a pair of horns on your head.
You reflexively headbutt those who attack you in melee.
You are weak. (Str -2)


Message History

There are monsters nearby!
The orc knight no longer looks unusually strong.
A deep troll comes into view.
The vault sentinel points at you and mumbles some strange words.
You resist with some effort.
Electricity crackles from the ironbound thunderhulk's apparatus.
The bolt of lightning hits you!!!
* * * LOW HITPOINT WARNING * * *
The vault sentinel throws a stone.
You block the stone with an invisible shield... and reflect it back!
The stone barely misses the vault sentinel.
The stone hits the ironbound preserver!
You see here a +0 scale mail.
The vault sentinel casts a spell at you.
You resist with some effort.
Electricity crackles from the ironbound thunderhulk's apparatus.
The bolt of lightning hits you!
* * * LOW HITPOINT WARNING * * *
The ironbound convoker gestures at the vault sentinel while chanting.
The vault sentinel seems to grow stronger.
Things that are here:
a +0 dagger; a +0 robe You open the large door.
A deep troll comes into view.
The vault sentinel blows a loud note on a signal horn!
You are too injured to fight recklessly!
Okay, then.
As you read the scroll of teleportation, it crumbles to dust.
You feel strangely unstable.
You block the great orb of eyes's attack.
Electricity crackles from the ironbound thunderhulk's apparatus.
The bolt of lightning hits you!!
* * * LOW HITPOINT WARNING * * *
An ironbound preserver comes into view. It is wielding a +0 great mace.
Electricity crackles from the ironbound thunderhulk's apparatus.
The bolt of lightning misses you.
A vault warden comes into view. It is wielding a +3 war axe.
Electricity crackles from the ironbound thunderhulk's apparatus.
The bolt of lightning hits you!
You die...

...# ##.....###.....
..#################'#
#.....
#.#........#..###...#
######
+.#........#..+.'...#
#.'.T)))...##'#+#...#
###.#.O.O....##.'.##'##
#)..#..).p.○.#####.'.#
#...#..)T)op.'...#'####
#...#...)cp.G@)..'.'..#
....##########p..###..#
u#####
########p''#############
pu
........................
..
........................
u.
...................)....
.
.................)......
........................
####+#############+#####


You could see 2 ironbound preservers, a vault warden, 2 ironbound thunderhulks,
a yaktaur captain, an orc knight, a great orb of eyes, 2 deep trolls, a vault
sentinel (strong, catching breath) and an ironbound convoker.

Vanquished Creatures
  Bai Suzhen (Swamp:2)
  A shard shrike (IceCv)
  Nikola (Swamp:3)
  Jorgrun (D:13)
  Mlioglotl (Swamp:2)
  A tentacled monstrosity (Swamp:2)
  3 sphinxes
  Gastronok (D:8)
  Kirke (Spider:3)
  2 fenstrider witches
  2 fire giants
  15 vault wardens
  6 emperor scorpions
  3 ghost moths
  3 broodmothers (Spider:3)
  7 orc warlords
  11 ironbound preservers
  A ghoul (Vaults:3)
  3 formless jellyfish
  14 ironbound thunderhulks
  7 bunyips
  8 dire elephants (Vaults:3)
  A white draconian (IceCv)
  Azrael (Spider:2)
  A minotaur (Gauntlet)
  5 eleionomae
  3 spark wasps
  An eidolon (Vaults:3)
  An ettin (Orc:2)
  A shambling mangrove (Swamp:2)
  Josephine (D:12)
  7 entropy weavers
  17 vault guards
  8 yaktaur captains
  A peacekeeper (Vaults:4)
  A catoblepas (Lair:5)
  7 great orbs of eyes
  2 jorogumos (Spider:1)
  16 hydras
  14 ironbound frosthearts
  An ogre mage (D:15)
  8 alligators
  8 centaur warriors
  3 ghost crabs
  An anaconda (Lair:4)
  6 death yaks
  11 boulder beetles
  5 radroaches (Spider:3)
  A deep troll shaman (Lair:5)
  7 two-headed ogres
  4 demonic crawlers
  A tengu warrior (Gauntlet)
  7 orc high priests
  A fire crab (shapeshifter) (D:13)
  A skyshark (Lair:3)
  12 pharaoh ants
  10 skeletal warriors
  8 goliath frogs
  A spriggan druid (Swamp:3)
  2 bog bodies (Swamp:1)
  9 swamp dragons
  An orange crystal statue (IceCv)
  25 deep trolls
  13 orb spiders
  A phantasmal warrior (Vaults:4)
  2 alligator zombies (Swamp:3)
  3 sun moths
  8 steelbarb worms
  11 ironbound convokers
  3 necromancers
  6 arcanists
  A tengu zombie (Vaults:2)
  25 wolf spiders
  15 orc knights
  15 lindwurms
  6 cyclopes
  A deep elf pyromancer (D:9)
  31 ugly things
  3 manticores
  7 orc sorcerers
  2 will-o-the-wisps
  Maurice (D:11)
  23 elephants
  6 meliai
  A fire giant skeleton (Vaults:2)
  4 moths of wrath
  5 kobold blastminers
  A black mamba (shapeshifter) (D:15)
  24 vault sentinels
  4 black mambas
  5 torpor snails
  10 cane toads
  25 yaktaurs
  2 kobold demonologists (D:12)
  An unseen horror (D:12)
  22 rime drakes (IceCv)
  A freezing wraith (Vaults:3)
  An efreet (D:14)
  9 komodo dragons
  A yaktaur zombie (Vaults:2)
  A bunyip simulacrum (Swamp:3)
  A tengu conjurer (Gauntlet)
  12 trolls
  17 polar bears
  A hydra zombie (Swamp:3)
  27 tarantellas
  5 hornets
  10 tyrant leeches
  9 blink frogs
  7 dream sheep (Lair:5)
  45 jumping spiders
  3 shadows
  29 slime creatures
  5 spriggans
  9 wyverns
  38 yaks
  35 culicivoras
  4 fire elementals
  5 hogs (Spider:3)
  4 wraiths (D:12)
  6 basilisks
  A human (Spider:3)
  A golden eye (shapeshifter) (D:15)
  3 wargs (Orc:2)
  65 redbacks
  4 steam dragons
  A yaktaur simulacrum (Vaults:2)
  7 vampire mosquitoes
  A glowing shapeshifter zombie (Vaults:2)
  15 swamp worms
  An acid dragon (D:10)
  A hell hound (Spider:2)
  A hydra simulacrum (Swamp:3)
  24 water moccasins
  6 swamp drakes
  46 orc warriors
  A sky beast (D:7)
  2 swamp dragon zombies (Swamp:3)
  5 boggarts (Vaults:4)
  5 black bears
  21 ogres
  33 wolves
  17 centaurs
  A crocodile (shapeshifter) (D:14)
  A phantom (D:4)
  3 kobold brigands
  Blork the orc (D:4)
  17 bullfrogs
  2 gnoll sergeants (D:9)
  4 scorpions
  5 wights (D:8)
  A swamp dragon simulacrum (Swamp:3)
  6 killer bees (D:11)
  2 electric eels (Spider:2)
  5 howler monkeys
  A bombardier beetle (D:3)
  3 hounds
  A jelly (D:6)
  37 orc priests
  A gnoll bouda (D:10)
  A sleepcap (D:7)
  Jessica (D:2)
  Natasha (thrice) (D:3)
  Terence (D:2)
  5 iguanas
  32 orc wizards
  Robin (D:2)
  7 adders
  21 gnolls
  3 shadow imps
  2 dart slugs (D:4)
  113 orcs
  11 endoplasms
  4 giant cockroaches
  19 goblins
  10 hobgoblins
  8 jackals
  19 kobolds
  6 quokkas
  2 ball pythons (D:2)
  7 bats
  3 frilled lizards
  14 rats
1531 creatures vanquished.

Vanquished Creatures (collateral kills)
  A death yak (Lair:5)
1 creature vanquished.

Vanquished Creatures (others)
  A fenstrider witch (Swamp:1)
  A ghost moth (Spider:4)
  A bog body (Swamp:1)
  4 bloated husks
  A culicivora (Spider:4)
  2 swamp drakes (Swamp:1)
  5 foxfires
15 creatures vanquished.

Grand Total: 1547 creatures vanquished

Notes
Turn   | Place    | Note
-------+----------+-------------------------------------------
     0 | D:1      | MacCMillion the Minotaur Fighter began the quest for the
                  | Orb.
     0 | D:1      | Reached XP level 1. HP: 19/19 MP: 0/0
    56 | D:1      | Reached XP level 2. HP: 26/26 MP: 1/1
   580 | D:1      | Reached XP level 3. HP: 17/31 MP: 2/2
   966 | D:2      | Noticed Jessica
   975 | D:2      | Killed Jessica
   976 | D:2      | Reached skill level 5 in Axes
   976 | D:2      | Reached XP level 4. HP: 26/39 MP: 3/3
  1034 | D:2      | Found a hazy altar of Hepliaklqana.
  1098 | D:2      | Noticed Terence
  1103 | D:2      | Killed Terence
  1339 | D:2      | Reached XP level 5. HP: 45/45 MP: 4/4
  1511 | D:2      | Noticed Robin
  1588 | D:2      | Killed Robin
  1706 | D:3      | Noticed Natasha
  1714 | D:3      | Killed Natasha
  1733 | D:3      | Found a runed translucent door.
  1752 | D:3      | Noticed anet's ghost (amateur HOCj)
  1754 | D:3      | Noticed an ice beast
  1775 | D:3      | Found a faded altar of an unknown god.
  1775 | D:3      | Found the Hermit's Pendant {Faith Invo=14 Evo=0 MP+5}
  1789 | D:3      | Reached XP level 6. HP: 21/51 MP: 5/5
  2186 | D:3      | Identified the +2 robe "Gorchu" {rCorr Slay+3}
  2270 | D:3      | Noticed Natasha
  2275 | D:3      | Killed Natasha
  2566 | D:3      | Noticed Natasha
  2575 | D:3      | Killed Natasha
  2709 | D:4      | Reached XP level 7. HP: 57/57 MP: 6/6
  2750 | D:4      | Identified the +0 cloak "Ruwat" {rN++}
  2878 | D:4      | Noticed Blork the orc
  2891 | D:4      | Killed Blork the orc
  2899 | D:4      | Reached skill level 10 in Axes
  3256 | D:4      | Found a staircase to the Ecumenical Temple.
  3288 | D:4      | Noticed a +0 bardiche
  3289 | D:4      | Found Kiraleuck's Weapon Shoppe.
  3312 | Temple   | Entered the Ecumenical Temple
  3322 | Temple   | Became a worshipper of Qazlal Stormbringer
  3356 | D:4      | Noticed a +0 executioner's axe
  3408 | D:5      | Entered Level 5 of the Dungeon
  3417 | D:5      | Reached skill level 1 in Dodging
  3419 | D:5      | Noticed a wyvern
  3438 | D:5      | Killed a wyvern
  3439 | D:5      | Reached XP level 8. HP: 5/67 MP: 7/7
  3674 | D:5      | Found Mofu's Hydra Hut.
  3678 | D:5      | Noticed a seven-headed hydra
  3820 | D:5      | Reached skill level 5 in Armour
  3858 | D:5      | Reached skill level 5 in Fighting
  4619 | D:6      | Found a radiant altar of Vehumet.
  4640 | D:6      | Reached * piety under Qazlal
  4684 | D:6      | Identified the +2 ring mail of Feta {rF+ Str-4 Slay+2}
  4779 | D:6      | Reached XP level 9. HP: 47/78 MP: 8/8
  5154 | D:7      | Found a flagged portal.
  5164 | Bailey   | Entered a bailey
  5806 | D:7      | Reached ** piety under Qazlal
  6012 | D:7      | Found the +2 cloak of the Thief {*Fog Slay-2 SInv Stlth+}
  6602 | D:8      | Noticed a two-headed ogre
  6602 | D:8      | Noticed Gastronok
  6622 | D:8      | Killed a two-headed ogre
  6941 | D:8      | Reached XP level 10. HP: 85/90 MP: 19/19
  7140 | D:8      | Killed Gastronok
  7442 | D:9      | Found a staircase to the Orcish Mines.
  7461 | D:9      | Reached skill level 10 in Fighting
  7466 | D:9      | Reached skill level 10 in Armour
  7861 | D:9      | Found a runed translucent gate.
  7861 | D:9      | Found a runed translucent gate.
  7861 | D:9      | Found a runed translucent gate.
  7862 | D:9      | Noticed TheWayOfAllFlesh's ghost (novice DsGl)
  7885 | D:9      | Found a staircase to the Lair.
  8176 | D:9      | Reached *** piety under Qazlal
  8408 | D:9      | Reached skill level 15 in Axes
  8582 | D:9      | Reached XP level 11. HP: 99/99 MP: 20/20
  8738 | D:9      | Noticed a deep elf pyromancer
  8760 | D:9      | Killed a deep elf pyromancer
  8936 | D:10     | Entered Level 10 of the Dungeon
  9016 | D:10     | Found Dierak's Jewellery Shop.
  9297 | D:10     | Found a shadowy altar of Dithmenos.
  9721 | D:11     | Reached skill level 1 in Invocations
 10266 | D:11     | Noticed Maurice
 10277 | D:11     | Killed Maurice
 10474 | D:11     | Noticed a two-headed ogre
 10542 | D:11     | Killed a two-headed ogre
 10617 | D:11     | Found Wifetal's General Store.
 10630 | D:11     | Reached **** piety under Qazlal
 10694 | D:11     | Bought a potion of haste for 150 gold pieces
 11180 | D:5      | Bought a +2 war axe of flaming for 256 gold pieces
 11268 | Lair:1   | Entered Level 1 of the Lair of Beasts
 11619 | Lair:1   | Reached XP level 12. HP: 101/111 MP: 21/21
 11620 | Lair:1   | Reached skill level 5 in Invocations
 12803 | Lair:2   | Reached ***** piety under Qazlal
 12845 | Lair:2   | Found a hole to the Spider Nest.
 12860 | Lair:2   | Found a gate leading to a gauntlet.
 12879 | Gauntlet | Entered a Gauntlet
 12879 | Gauntlet | Found a transporter.
 12881 | Gauntlet | Noticed a tengu warrior
 12886 | Gauntlet | Found a transporter.
 12888 | Gauntlet | Found a transporter.
 12899 | Gauntlet | Found a transporter.
 12899 | Gauntlet | Found the ring of the Mage {Wiz Archmagi}
 12902 | Gauntlet | Found a transporter.
 12907 | Gauntlet | Found a runed translucent door.
 12909 | Gauntlet | Found a runed translucent door.
 12912 | Gauntlet | Found a transporter.
 12928 | Gauntlet | Found a transporter.
 12931 | Gauntlet | Noticed an entropy weaver
 12939 | Gauntlet | Found a transporter.
 12952 | Gauntlet | Found a transporter.
 12965 | Gauntlet | Found a transporter.
 12980 | Gauntlet | Found a transporter.
 12981 | Gauntlet | Found a transporter.
 13041 | Gauntlet | Found a transporter.
 13044 | Gauntlet | Found a transporter.
 13137 | Gauntlet | Killed a tengu warrior
 13467 | Gauntlet | Identified the ring "Gapnuxobb" {rPois rC+ Int+4 Dex+3
                  | SInv}
 13488 | Gauntlet | Identified the +10 pearl dragon scales of a wizard's
                  | laboratory {Rampage rN+}
 13488 | Gauntlet | Identified the +0 kite shield of the Elven Halls {^Drain
                  | +Inv Will++ rCorr}
 13488 | Gauntlet | Noticed a minotaur
 13503 | Gauntlet | Killed a minotaur
 13765 | Gauntlet | Got Maf Fuec's Vademecum on Topology
 13770 | Gauntlet | Identified the +0 ring mail of a wizard's laboratory {rC+
                  | Str+5}
 14295 | Lair:3   | Reached XP level 13. HP: 108/123 MP: 22/22
 14359 | Lair:3   | Identified the +1 leather armour of Wu Jian's Grace {-Cast
                  | Dex+5 SInv}
 14740 | Lair:3   | Found a runed translucent gate.
 14740 | Lair:3   | Found a runed translucent gate.
 14740 | Lair:3   | Found a runed translucent gate.
 14743 | Lair:3   | Noticed Unwyh's ghost (journeyman TrDe)
 14951 | Lair:3   | Found a staircase to the Swamp.
 15115 | Lair:3   | Found a viscous altar of Jiyva.
 15494 | Lair:4   | Reached skill level 15 in Fighting
 15655 | Lair:4   | Identified the staff of Helubok {Str+3 Conj Hexes}
 15668 | Lair:4   | Reached skill level 15 in Armour
 15686 | Lair:4   | Reached skill level 10 in Invocations
 16084 | Lair:4   | Reached ****** piety under Qazlal
 16205 | Lair:4   | Found a staircase to the Slime Pits.
 16206 | Lair:4   | Found a viscous altar of Jiyva.
 16514 | Lair:5   | Entered Level 5 of the Lair of Beasts
 16959 | Lair:5   | Reached XP level 14. HP: 135/135 MP: 23/23
 18043 | Orc:1    | Entered Level 1 of the Orcish Mines
 18546 | Orc:2    | Entered Level 2 of the Orcish Mines
 18901 | Orc:2    | Found Zeagatit's Distillery.
 18919 | Orc:2    | Found Joot Yri's Magic Scroll Emporium.
 18919 | Orc:2    | Noticed an orc warlord
 19779 | Orc:2    | Found a staircase to the Elven Halls.
 19848 | Orc:2    | Noticed an orc warlord
 19856 | Orc:2    | Reached skill level 15 in Invocations
 19860 | Orc:2    | Killed an orc warlord
 19951 | Orc:2    | Found Koisenis's Book Boutique.
 20158 | Orc:2    | Found Xovvoc's Antique Weapon Shoppe.
 20382 | Orc:2    | Killed an orc warlord
 20630 | Orc:2    | Bought a scroll of acquirement for 780 gold pieces
 20640 | Orc:2    | Bought a potion of attraction for 36 gold pieces
 20640 | Orc:2    | Bought a potion of might for 48 gold pieces
 20727 | Orc:2    | Reached XP level 15. HP: 141/141 MP: 25/25
 21148 | D:12     | Noticed Josephine
 21155 | D:12     | Killed Josephine
 21192 | D:12     | Reached skill level 5 in Shields
 21660 | D:12     | Found Naoraennoe's Magic Scroll Emporium.
 21661 | D:12     | You fall into a shaft and drop 1 floor!
 21825 | D:12     | Bought a scroll of fear for 56 gold pieces
 21825 | D:12     | Bought a scroll of identify for 28 gold pieces
 21825 | D:12     | Bought a scroll of identify for 28 gold pieces
 21825 | D:12     | Bought a scroll of identify for 28 gold pieces
 21825 | D:12     | Bought a scroll of summoning for 133 gold pieces
 22223 | D:13     | Noticed Jorgrun
 22254 | D:13     | Killed Jorgrun
 22834 | D:13     | Found a gate to the Vaults.
 22979 | D:14     | Reached skill level 10 in Shields
 23528 | D:15     | Entered Level 15 of the Dungeon
 23578 | D:15     | Noticed a fire giant
 23681 | D:15     | Found a staircase to the Depths.
 23705 | D:15     | Killed a fire giant
 24583 | Spider:1 | Entered Level 1 of the Spider Nest
 24713 | Spider:1 | Reached XP level 16. HP: 149/149 MP: 26/26
 24967 | Spider:1 | Reached skill level 15 in Shields
 26172 | Spider:2 | Noticed Azrael
 26593 | Spider:2 | Killed Azrael
 28464 | Spider:3 | Noticed Kirke
 28470 | Spider:3 | Killed Kirke
 28546 | Spider:3 | Reached XP level 17. HP: 122/158 MP: 28/28
 28626 | Spider:3 | Identified the staff "Vacav" {Conj Earth}
 29325 | Spider:4 | Entered Level 4 of the Spider Nest
 31165 | Spider:3 | Gained mutation: You are weak. (Str -2) [mutagenic glow]
 32271 | Spider:4 | Got a gossamer rune of Zot
 32357 | Spider:4 | Upgraded the game from 0.31-a0-1511-g961fd35ebc to
                  | 0.31-a0-1529-g7bd419a0e5
 32717 | Swamp:1  | Entered Level 1 of the Swamp
 33569 | Swamp:1  | You fall into a shaft and drop 1 floor!
 33585 | Swamp:2  | Noticed Mlioglotl
 33612 | Swamp:2  | Killed Mlioglotl
 33728 | Swamp:2  | Found a frozen archway.
 33750 | IceCv    | Entered an ice cave
 33771 | IceCv    | Reached XP level 18. HP: 169/170 MP: 29/29
 34481 | IceCv    | Noticed a shard shrike
 34498 | IceCv    | Killed a shard shrike
 34959 | Swamp:2  | Identified the +11 mace of Fuzzy Duty {drain, rCorr Str+3
                  | Dex+2}
 35008 | Swamp:2  | Found a shimmering blue altar of Sif Muna.
 35219 | Swamp:2  | Noticed a tentacled monstrosity
 35238 | Swamp:2  | Killed a tentacled monstrosity
 35558 | Swamp:3  | Noticed Bai Suzhen
 35700 | Swamp:2  | Killed Bai Suzhen
 36163 | Swamp:3  | Noticed Nikola
 36182 | Swamp:3  | Killed Nikola
 36863 | Swamp:4  | Entered Level 4 of the Swamp
 37468 | Swamp:4  | Noticed the 27-headed Lernaean hydra
 37969 | Vaults:1 | Entered Level 1 of the Vaults
 38027 | Vaults:1 | Reached XP level 19. HP: 131/181 MP: 31/31
 39181 | Vaults:1 | Identified the +0 scale mail of Huseecse {rElec rF+++ Int-3
                  | Dex-4}
 39248 | Vaults:1 | Identified the +0 shortbow of Piheipott {heavy, ^Drain
                  | Will+ Int+4 Dex+2}
 39393 | Vaults:1 | Paralysed by a formless jellyfish for 1 turns
 39897 | Vaults:1 | Identified the ring "Geuvuinuof" {Fire Will- Int+2 Dex+7}
 40439 | Vaults:2 | Found a portal to a secret trove of treasure.
 40456 | Trove    | Entered a treasure trove
 40463 | Trove    | Identified the +2 pair of gloves of Life {rN+ SInv Stlth-}
 40468 | Trove    | Identified the ring "Qixkaf" {Will+ Str+4}
 40473 | Trove    | Identified the ring "Jextuwk" {^Drain rC+ rN+ rCorr}
 40482 | Trove    | Identified the +0 pair of gloves of Cadgh {rF+++ rN+ Int-2
                  | Dex+4}
 40487 | Trove    | Identified the +0 scale mail of Rotation {rPois rF+ Regen+}
 41686 | Vaults:2 | Identified the +4 spear "Dragonbane" {vamp, rElec rF- Int+2
                  | SInv}
 42469 | Vaults:3 | Reached XP level 20. HP: 161/193 MP: 32/32
 43530 | Vaults:3 | Found Irghui Xuddut's Armour Emporium.
 44079 | Vaults:3 | Found a staircase to the Crypt.
 44213 | Vaults:3 | Found Butruq's General Store.
 45285 | Vaults:4 | HP: 6/195 [ironbound thunderhulk/bolt of lightning (27)]
 45286 | Vaults:4 | Killed from afar by an ironbound thunderhulk

Illustrated notes

Levels and vault maps discovered:
D:1:      matt_arrival_diagonals, layout_basic, serial_glass, glass_columns_a,
          glass_columns_c, lexackson_kobold_supper
D:2:      minmay_diamond_boxcup, layout_rooms, basic_altar, uniq_terence,
          uniq_jessica, uniq_robin
D:3:      layout_basic, ebering_ghost_inner_flame, dreamdust_princess_corridor,
          hellmonk_guarded_unrand_hermit, uniq_natasha
D:4:      layout_rooms, minmay_temple_entry_nine_rooms, serial_shops,
          nicolae_shop_mannequins, uniq_blork_the_orc
D:5:      layout_basic, serial_aquarium, aquarium_bridge_long_joined
          [aquarium_subvault_window, aquarium_subvault_wall,
          aquarium_subvault_wall, aquarium_subvault_window,
          aquarium_subvault_bridge, aquarium_subvault_wall],
          aquarium_bridge_straight [aquarium_subvault_bridge,
          aquarium_subvault_window, aquarium_subvault_bridge,
          aquarium_subvault_wall], aquarium_window_3, aquarium_window_2,
          aquarium_window_2, aquarium_window_2, aquarium_view_2d,
          aquarium_view_2a, aquarium_pool_double, doesnt_shop_hydraphobe
D:6:      layout_cave_pools, mainiacjoe_overflow_catwalk, dk_vineyard_1
D:7:      layout_basic, enter_bailey_3, nicolae_water_bricks
D:8:      layout_basic, kennysheep_flooded_box, uniq_gastronok
D:9:      kennysheep_steamy, layout_irregular_city, minmay_lair_entry_grove,
          kennysheep_orc_monster_closet_entryway, gammafunk_ghost_spectres,
          solitary_fountain, guppyfry_early_elven_hall
D:10:     layout_roguey, mainiacjoe_overflow_alcove_2,
          minmay_shop_enchanted_jewellery
D:11:     layout_long_grid, serial_shops, shop, uniq_maurice
D:12:     layout_rooms, serial_shops, shop, serial_glass, glass_columns_c,
          glass_columns_a, kennysheep_generic_room_12, uniq_josephine
D:13:     layout_small_grid, david_vaults_5, uniq_jorgrun
D:14:     layout_rooms, grunt_decor_clamped
D:15:     grunt_enter_depths_giant_problem, layout_basic, minmay_misc_feat_tower
Temple:   nicolae_temple_slightly_damp_pantheon
Lair:1:   layout_chaotic_city, chequers_serial_rivers_small_3
Lair:2:   layout_small_grid, nicolae_spider_entry_tight_spaces,
          gauntlet_entry_generic
Lair:3:   layout_cave_shapes, mainiacjoe_swamp_entry_lozenge_pond,
          gammafunk_ghost_ooze, dreamdust_mushroom_princess
Lair:4:   layout_gridlike, slime_entry_1, hellmonk_talismancer,
          grunt_megastairs_4
Lair:5:   grunt_lair_end_beastmaster, layout_long_grid,
          chequers_serial_rivers_micro_d, wad_woods_road_02,
          chequers_serial_rivers_large_a
Swamp:1:  layout_falls_marsh, evilmike_swamp_ruin_house_1,
          tekkud_bubbles_buried_in_this_jungle
Swamp:2:  cheibrodos_swamp_monstrosity, layout_basic_swamp,
          portal_ice_cave_entry_pillars_three, lemuel_altar_in_water,
          uniq_mlioglotl
Swamp:3:  layout_basic_swamp, evilmike_swamp_ruin_house_5, swamp_pool_3,
          nicolae_swamp_necromancer_hut, uniq_bai_suzhen, uniq_nikola
Swamp:4:  swamp_old_school, layout_basic_swamp, swamp_pool_1_2
Spider:1: layout_spider_delve, drop_trap
Spider:2: layout_spider_delve, uniq_azrael
Spider:3: nicolae_spider_broodchamber, uniq_kirke
Spider:4: grunt_spider_rune_circles
Orc:1:    layout_caves
Orc:2:    pubby_orc_utopia, serial_shops
Vaults:1: nicolae_vaults_heist, ontoclasm_vaults_ligature,
          ontoclasm_vaults_misaligned, nicolae_vaults_closet_pinwheel_2,
          nicolae_vaults_network_star, nicolae_vaults_doubleplus_tesselated,
          grunt_vaults_hallway_short, v_misc_15, v_misc_23,
          grunt_vaults_diagonal, nicolae_vaults_arrows, ontoclasm_vaults_chip,
          vaults_dpeg_encased_lava, layout_vaults_omnibox
Vaults:2: nicolae_vaults_mitosis, minmay_orc_keep, grunt_vaults_twisty,
          nicolae_vaults_double_plus_1, ontoclasm_vaults_fault, v_misc_1,
          nicolae_vaults_three_branches, nicolae_vaults_asterisk,
          nicolae_vaults_tetromino_T_1, nicolae_vaults_little_squares_6,
          v_misc_12, nicolae_vaults_trapezoid_lopsided_3,
          layout_vaults_quadrants, enter_trove_0
Vaults:3: nicolae_vaults_circle_grid_b, nicolae_vaults_taking_the_gang_shopping,
          nicolae_vaults_shelves_hall, minmay_crypt_entry_simple_corners,
          nicolae_vaults_wrenched, nicolae_vaults_alarming,
          nicolae_vaults_asterisk, v_pattern_3,
          nicolae_vaults_closet_pinwheel_4, layout_vaults_big_room,
          serial_shops, nicolae_shop_just_a_little_nook
Vaults:4: nicolae_vaults_shrinking_rooms_2, nicolae_vaults_trapezoid_3,
          nicolae_vaults_little_squares_6, nicolae_vaults_cornered_office,
          ontoclasm_vaults_eye, nicolae_vaults_windows_and_doors_thing,
          nicolae_vaults_offset_grid_hallway_4, nicolae_vaults_murderbox,
          ontoclasm_vaults_idyll, nicolae_vaults_closet_pinwheel_2,
          vaults_mumra_minichess, nicolae_vaults_asterisk,
          nicolae_vaults_trapezoid_lopsided_3, layout_vaults_ring

Skill      XL: |  1  2  3  4  5  6  7  8  9 10 11 12 13 14 15 16 17 18 19 20 |
---------------+-------------------------------------------------------------+-----
Shields        | 4 14 16 17 18 19 20 | 20.4
Axes           | 3 4 5 6 7 9 10 11 12 15 16 17 18 | 18.0
Fighting       | 4 6 8 10 11 13 15 16 17 18 19 20 | 20.4
Armour         | 4 6 8 10 11 13 15 16 17 18 19 20 | 20.4
Dodging        | 2 4 |  4.7
Invocations    | 4 7 11 15 16 17 18 19 20 | 20.3

Action                     |  1- 3 |  4- 6 |  7- 9 | 10-12 | 13-15 | 16-18 | 19-21 || total
---------------------------+-------+-------+-------+-------+-------+-------+-------++-------
  Melee: War axe           |    74 |   123 |   300 |   511 |  1143 |   805 |       ||  2956
         Headbutt          |    12 |    14 |    55 |   105 |   263 |   402 |   298 ||  1149
         Broad axe         |       |       |       |       |       |   674 |   931 ||  1605
  Throw: Dart              |       |       |       |       |       |     3 |       ||     3
 Invoke: Upheaval          |       |       |     2 |     4 |     6 |    10 |     2 ||    24
         Elemental Force   |       |       |       |     1 |     2 |     1 |       ||     4
         Disaster Area     |       |       |       |       |     1 |     1 |     1 ||     3
    Use: Scroll            |       |     2 |       |     7 |    11 |    14 |     2 ||    36
         Potion            |       |       |       |       |       |     2 |       ||     2
   Stab: Paralysed         |       |       |       |     3 |       |       |       ||     3
         Distracted        |       |       |       |     1 |       |     1 |       ||     2
         Confused          |       |       |       |       |       |     1 |       ||     1
 Armour: Scale mail        |    48 |    30 |       |       |       |       |       ||    78
         Chain mail        |       |    60 |   101 |       |       |       |       ||   161
         Plate armour      |       |       |   100 |   291 |       |       |       ||   391
         Pearl dragon scal |       |       |       |    30 |   498 |  1190 |   281 ||  1999
  Dodge: Dodged            |    29 |    57 |    75 |   114 |   244 |   420 |   188 ||  1127
         Repelled          |       |       |       |       |     1 |     8 |     3 ||    12
  Block: Buckler           |    28 |    17 |   125 |   171 |       |       |       ||   341
         Kite shield       |       |       |       |    23 |   829 |  1918 |   724 ||  3494
         Reflection        |       |       |       |       |    23 |    36 |    40 ||    99

Table legend: (Time is in decaauts)
 A = Elapsed time spent in this place.
 B = Non-inter-level travel time spent in this place.
 C = Inter-level travel time spent in this place.
 D = Time resting spent in this place.
 E = Time spent auto-exploring this place.
 F = Levels seen in this place.
 G = Mean time per level.
                   A        B        C        D        E       F      G
               +--------+--------+--------+--------+--------+-----+--------+
         Total |  44801 |  42550 |   2251 |  12088 |  22137 |  39 | 1148.7 |
       Dungeon |  14902 |  13951 |    951 |   2598 |   8970 |  15 |  993.5 |
        Temple |     20 |      2 |     18 |      0 |      0 |   1 |   20.0 |
          Lair |   6138 |   5501 |    637 |    946 |   3539 |   5 | 1227.6 |
         Swamp |   3816 |   3720 |     96 |   1480 |   1232 |   4 |  954.0 |
   Spider Nest |   7879 |   7572 |    307 |   3930 |   2418 |   4 | 1969.8 |
  Orcish Mines |   2651 |   2570 |     81 |    447 |   1532 |   2 | 1325.5 |
        Vaults |   6879 |   6720 |    159 |   1994 |   3357 |   4 | 1719.8 |
         Trove |     38 |     38 |      0 |      0 |      4 |   1 |   38.0 |
        Bailey |    399 |    399 |      0 |     24 |    254 |   1 |  399.0 |
      Ice Cave |   1166 |   1166 |      0 |    203 |    582 |   1 | 1166.0 |
      Gauntlet |    907 |    907 |      0 |    465 |    246 |   1 |  907.0 |
               +--------+--------+--------+--------+--------+-----+--------+

Top non-repeatable levels by time:
Spider:3: 3174 daAuts
Vaults:2: 2516 daAuts
Spider:1: 2211 daAuts
   Orc:2: 2119 daAuts
Vaults:1: 2001 daAuts
     D:9: 1819 daAuts
    D:11: 1632 daAuts
 Swamp:2: 1486 daAuts
Vaults:3: 1449 daAuts
Spider:2: 1410 daAuts
  Lair:5: 1403 daAuts
  Lair:3: 1256 daAuts
     D:8: 1255 daAuts
  Lair:4: 1213 daAuts
  Lair:1: 1170 daAuts
